 Dungeon Crawl Stone Soup version 0.25-a0-44-g29a1220a87 (webtiles) character file.

Game seed: 16436738603728154246, levelgen mode: deterministic

2 BryzzWind the Insei (level 1, -4/13 HPs)
             Began as an Octopode Transmuter on Oct 23, 2019.
             Slain by a gnoll
             ... wielding a +0 club
              (7 damage)
             ... on level 1 of the Dungeon.
             The game lasted 00:00:37 (76 turns).

BryzzWind the Insei (Octopode Transmuter)             Turns: 76, Time: 00:00:38

Health: -4/13      AC:  1    Str:  9    XL:     1   Next: 40%
Magic:  0/3        EV: 13    Int: 15    God:
Gold:   20         SH:  0    Dex: 12    Spells: 3/4 levels left

rFire    . . .     SeeInvis .     - Unarmed
rCold    . . .     Gourm    .   (no shield)
rNeg     . . .     Faith    .   (helmet restricted)
rPois    .         Spirit   .   (no amulet)
rElec    .         Reflect  .   (no ring)
rCorr    .         Harm     .   (no ring)
MR       .....                  (no ring)
Stlth    ++........             (no ring)
HPRegen  0.04/turn              (no ring)
MPRegen  0.08/turn              (no ring)
                                (no ring)
                                (no ring)

@: appendage, very slightly contaminated
A: almost no armour, stealthy swim, amphibious, 8 rings, constrict 8, tentacle
spike 3, camouflage 1, gelatinous body 1
a: End Transformation


You were on level 1 of the Dungeon.
You were not hungry.
One of your tentacles had a temporary spike.
You visited 1 branch of the dungeon, and saw 1 of its levels.

You collected 20 gold pieces.

Inventory:

Missiles
 a - 12 arrows
Comestibles
 c - a ration


   Skills:
 + Level 1.0 Fighting
 * Level 2.0 Dodging
 * Level 3.0 Unarmed Combat
 + Level 2.0 Spellcasting
 + Level 2.0 Transmutations


You had 3 spell levels left.
You knew the following spells:

 Your Spells              Type           Power        Failure   Level  Hunger
a - Beastly Appendage     Tmut           #.....       10%         1    #......

Your spell library contained the following spells:

 Spells                   Type           Power        Failure   Level  Hunger
 Sticks to Snakes         Tmut           #.......     14%         2    ###....
 Spider Form              Tmut/Pois      #.........   41%         3    ###....
 Ice Form                 Ice/Tmut       #.......     82%         4    #####..
 Blade Hands              Tmut           #.........   95%         5    ######.


Dungeon Overview and Level Annotations

Branches:
Dungeon (1/15)

Altars:


Innate Abilities, Weirdness & Mutations

You cannot wear most types of armour.
You are very stealthy in the water. (Stealth+)
You are amphibious.
You can wear up to eight rings at the same time.
You can use your tentacles to constrict eight enemies at once.
Your skin changes colour to match your surroundings (Stealth+).
Your rubbery body absorbs attacks. (AC +1, EV +1)
One of your tentacles bears a large vicious spike.


Message History

You kill the kobold!
The kobold hits you. The kobold barely misses you. The kobold hits you.
Your tentacle spike disappears.
You tentacle-slap the kobold but do no damage.
Your grab misses the kobold. The kobold hits you.
* * * LOW HITPOINT WARNING * * *
Casting: Beastly Appendage (safe; 10% risk of failure)
Confirm with . or Enter, or press ? or * to list all spells.
One of your tentacles grows a vicious spike.
The kobold closely misses you.
You tentacle-slap the kobold.
You kill the kobold!
You tentacle-slap the gnoll but do no damage.
You grab the gnoll.
You pierce the gnoll.
You tentacle-slap the gnoll.
The gnoll is heavily wounded.
You constrict the gnoll. The gnoll hits you with a +0 club!
Ouch! That really hurt!
You die...

############
$..........# #####
#........# #...
#.......###.#####.#
#.........g@........#
#.#.......#.....##..#
..........#.#.#.##..#
#.#.................##
..
##.....##.#.#......##
#
#.....##...........##.
##########...>........
###.......# #......##


You could see a gnoll.

Vanquished Creatures
  2 kobolds (D:1)
  A rat (D:1)
3 creatures vanquished.

Notes
Turn   | Place    | Note
-------+----------+-------------------------------------------
     0 | D:1      | BryzzWind the Octopode Transmuter began the quest for the
                  | Orb.
     0 | D:1      | Reached XP level 1. HP: 13/13 MP: 3/3
    76 | D:1      | Slain by a gnoll

Levels and vault maps discovered:
D:1:      lightli_arrival_farm, layout_loops_ring, kennysheep_crisscross,
          minmay_cupped

Action                   || total
-------------------------++-------
Melee: Unarmed           ||    11
       Constrict         ||     3
       Kick              ||     1
       Punch             ||     1
       Tentacles         ||     1
 Cast: Beastly Appendage ||     3
Armor: Skin              ||     1
Dodge: Dodged            ||     6

Table legend:
 A = Non-vault XP
 B = Vault XP
 C = Vault XP percentage of total XP
 D = Non-vault monster count
 E = Vault monster count
 F = Vault count percentage of total count
                 A         B        C        D         E       F
            +---------+---------+-------+---------+---------+-------
      Total |       4 |       0 |   0.0 |       3 |       0 |   0.0
            +---------+---------+-------+---------+---------+-------
        D:1 |       4 |       0 |   0.0 |       3 |       0 |   0.0
            +---------+---------+-------+---------+---------+-------
